 Dungeon Crawl Stone Soup version 0.32-a0-791-gfc315c9ecd (webtiles) character file.

Game seed: 15270776916635833566

3336 Griffin23 the Carver (level 9, -2/81 HPs)
             Began as a Minotaur Fighter on Mar 20, 2024.
             Was an Elder of Okawaru.
             Slain by a two-headed ogre
             ... wielding a +0 giant club
              (16 damage)
             ... on level 9 of the Dungeon.
             The game lasted 00:14:52 (8403 turns).

Griffin23 the Carver (Minotaur Fighter)             Turns: 8403, Time: 00:14:53

Health: -2/81      AC: 13    Str: 26    XL:     9   Next: 72%
Magic:  3/8        EV:  6    Int:  5    God:    Okawaru [****..]
Gold:   378        SH:  5    Dex:  9    Spells: 8/8 levels left

rFire   + . .        a - +0 long sword
rCold   . . .        c - +0 buckler
rNeg    . . .        s - +0 plate armour
rPois   .            (helmet restricted)
rElec   .            (no cloak)
rCorr   .            (no gloves)
SInv    .            (no boots)
Will    +....        (no amulet) Stlth
                     A - ring of willpower
HPRegen 0.33/turn    r - ring of protection from fire
MPRegen 0.11/turn

%: no passive effects
@: finesse-ful, studying Maces & Flails
A: horns 2, retaliatory headbutt
a: Renounce Religion, Heroism, Finesse


You were on level 9 of the Dungeon.
You worshipped Okawaru.
Okawaru was greatly pleased with you.
You visited 1 branch of the dungeon, and saw 9 of its levels.

You collected 378 gold pieces.

Inventory:

Hand Weapons
 a - a +0 long sword (weapon)
Missiles
 t - a throwing net (quivered)
Armour
 b - a +0 scale mail
 c - a +0 buckler (worn)
 f - a +0 chain mail
 s - a +0 plate armour (worn)
Jewellery
 r - a ring of protection from fire (right hand)
 A - a ring of willpower (left hand)
Wands
 y - a wand of roots (6)
Scrolls
 e - a scroll of teleportation
 g - 2 scrolls of torment
 k - 2 scrolls of identify
 l - 2 scrolls of enchant armour
 n - a scroll of amnesia {unknown}
 o - 2 scrolls of fear {unknown}
 q - 3 scrolls of vulnerability {unknown}
 u - a scroll of immolation {unknown}
Potions
 d - a potion of magic
 h - 4 potions of brilliance
 i - a potion of lignification
 j - 2 potions of might
 m - a potion of berserk rage
 p - a potion of resistance
 v - a potion of attraction {unknown}
 w - a potion of curing
 x - a potion of enlightenment
 z - a potion of mutation {unknown}


   Skills:
 + Level 8.3 Fighting
 * Level 10.7 Long Blades
 + Level 8.2 Armour
 + Level 8.3 Shields


You had 8 spell levels left.
You didn't know any spells.
Your spell library contained the following spells:

 Spells                   Type           Power      Damage    Failure   Level
 Necrotise                Necr           0%         1d4       100%        1
 Vampiric Draining        Necr           0%         2d6       100%        3
 Volatile Blastmotes      Fire/Tloc      0%         2d10      100%        3
 Passage of Golubria      Tloc           0%         N/A       100%        4
 Curse of Agony           Necr           0%         N/A       100%        5
 Martyr's Knell           Necr/Summ      Unusable   N/A       N/A         4
 Summon Forest            Summ/Tloc      Unusable   N/A       N/A         5

Dungeon Overview and Level Annotations

Branches:
Dungeon (9/15)             Temple (0/1) D:4
   Lair: D:8-11         Orc: D:9-12

Altars:
Elyvilon
Gozag
Hepliaklqana
Kikubaaqudgha
Nemelex Xobeh
Okawaru
Uskayaw
Zin
The Shining One

Shops:
D:3 =

Annotations:
D:3 1 runed translucent door, Crazy Yiuf


Innate Abilities, Weirdness & Mutations

You have a pair of horns on your head.
You reflexively headbutt those who attack you in melee.


Message History

You hit the two-headed ogre.
You headbutt the two-headed ogre, but do no damage.
The two-headed ogre is lightly wounded.
You block the two-headed ogre's attack.
The two-headed ogre hits you with a +0 giant club!!
You hit the two-headed ogre.
The two-headed ogre is lightly wounded.
You slash the two-headed ogre!
The two-headed ogre is moderately wounded.
You hit the two-headed ogre but do no damage.
The two-headed ogre is moderately wounded.
You block the two-headed ogre's attack. The two-headed ogre barely misses you.
You hit the two-headed ogre.
The two-headed ogre is moderately wounded.
You hit the two-headed ogre.
The two-headed ogre is heavily wounded.
You slash the two-headed ogre!
The two-headed ogre is heavily wounded.
You completely miss the two-headed ogre.
The two-headed ogre is heavily wounded.
The two-headed ogre hits you with a +0 giant club!!
The two-headed ogre hits you with a +0 giant club!
You are too injured to fight recklessly!
You are too injured to fight recklessly!
You hit the two-headed ogre.
The two-headed ogre is heavily wounded.
You closely miss the two-headed ogre.
The two-headed ogre is heavily wounded.
You hit the two-headed ogre. You headbutt the two-headed ogre.
The two-headed ogre is severely wounded.
The two-headed ogre hits you with a +0 giant club!
* * * LOW HITPOINT WARNING * * *
The two-headed ogre hits you with a +0 giant club!
* * * LOW HITPOINT WARNING * * *
You feel better.
You hit the two-headed ogre.
Your headbutt misses the two-headed ogre.
The two-headed ogre is almost dead.
The two-headed ogre hits you with a +0 giant club!
You die...

........))....).........#
########...######.#####.#
#........#.# #...)....#.#
#........#.# #........#.#
######.###.# #...#.#
###@O.# ###..# .# .# .#
.. #


You could see a two-headed ogre.

Vanquished Creatures
  A shadow (D:9)
  2 wyverns
  Sigmund (D:2)
  A wraith (D:8)
  A water moccasin (D:5)
  A black bear (D:7)
  An orc warrior (D:8)
  3 centaurs
  A wolf (D:8)
  2 phantoms
  2 kobold brigands
  2 gnoll sergeants (D:8)
  4 bullfrogs
  4 wights (D:9)
  2 howler monkeys
  2 bombardier beetles
  3 orc priests
  4 hounds
  3 jellies
  Natasha (thrice) (D:4)
  An iguana (D:5)
  3 sleepcaps
  4 orc wizards
  15 gnolls
  9 adders
  3 shadow imps
  2 white imps
  2 ufetubi (D:6)
  A ribbon worm (D:2)
  3 dart slugs
  30 orcs
  7 ball pythons
  3 bats
  8 endoplasms
  A giant cockroach (D:4)
  7 hobgoblins
  6 jackals
  4 quokkas
  A frilled lizard (D:2)
  2 goblins
  11 kobolds
  5 rats
171 creatures vanquished.

Notes
Turn   | Place    | Note
-------+----------+-------------------------------------------
     0 | D:1      | Griffin23 the Minotaur Fighter began the quest for the Orb.
     0 | D:1      | Reached XP level 1. HP: 19/19 MP: 0/0
   226 | D:1      | Found a faded altar of an unknown god.
   263 | D:1      | Prayed at the altar of an unknown god.
   263 | D:1      | Became a worshipper of Warmaster Okawaru
   263 | D:1      | Reached * piety under Okawaru
   407 | D:1      | Reached XP level 2. HP: 17/27 MP: 1/1
   960 | D:2      | Reached skill level 3 in Long Blades
  1018 | D:2      | Reached XP level 3. HP: 29/33 MP: 2/2
  1274 | D:2      | Noticed Sigmund
  1300 | D:2      | HP: 2/49 [something (3)]
  1305 | D:2      | Killed Sigmund
  1305 | D:2      | Reached ** piety under Okawaru
  1306 | D:2      | Reached skill level 4 in Long Blades
  1306 | D:2      | Reached XP level 4. HP: 4/41 MP: 0/3
  1306 | D:2      | Reached XP level 5. HP: 5/47 MP: 0/4
  1922 | D:3      | Reached skill level 5 in Long Blades
  2216 | D:3      | Found a runed translucent door.
  2217 | D:3      | Noticed Crazy Yiuf
  2266 | D:3      | Found Lyrab's Jewellery Emporium.
  2331 | D:3      | Reached XP level 6. HP: 52/55 MP: 5/5
  2361 | D:3      | Found a glowing silver altar of Zin.
  2404 | D:3      | Found a white marble altar of Elyvilon.
  2407 | D:3      | Found a glowing golden altar of the Shining One.
  3059 | D:4      | Found a staircase to the Ecumenical Temple.
  3063 | D:4      | Reached skill level 5 in Fighting
  3138 | D:4      | Noticed Natasha
  3144 | D:4      | Killed Natasha
  3145 | D:4      | Reached skill level 5 in Shields
  3244 | D:4      | Reached skill level 5 in Armour
  3397 | D:4      | Found an ancient bone altar of Kikubaaqudgha.
  3410 | D:4      | Noticed Natasha
  3417 | D:4      | Killed Natasha
  3417 | D:4      | Reached *** piety under Okawaru
  3499 | D:4      | Found an opulent altar of Gozag.
  3499 | D:4      | Found a hazy altar of Hepliaklqana.
  3554 | D:4      | Noticed Natasha
  3560 | D:4      | Killed Natasha
  3658 | D:4      | Reached skill level 6 in Long Blades
  3752 | D:5      | Entered Level 5 of the Dungeon
  3777 | D:5      | Reached XP level 7. HP: 18/61 MP: 3/6
  4194 | D:5      | Found a sparkling altar of Nemelex Xobeh.
  4577 | D:5      | Reached skill level 7 in Long Blades
  5116 | D:6      | Reached XP level 8. HP: 31/70 MP: 7/7
  5504 | D:6      | You fall into a shaft and drop 1 floor!
  5558 | D:7      | Reached skill level 8 in Long Blades
  5574 | D:7      | Reached **** piety under Okawaru
  5731 | D:7      | Found a hide-covered altar of Uskayaw.
  6490 | D:7      | Reached skill level 9 in Long Blades
  6537 | D:7      | Identified the +9 dagger of the Dwarven Hall {flame, rC+
                  | Stlth+}
  6540 | D:7      | Identified the +0 sling of Excruciating Pain {elec, rC+
                  | MP-9 Int+3}
  6675 | D:8      | Got the Reference Book on Orientation
  6728 | D:8      | Reached XP level 9. HP: 20/79 MP: 8/8
  7708 | D:8      | Reached skill level 10 in Long Blades
  8310 | D:9      | Reached ***** piety under Okawaru
  8385 | D:9      | Noticed a two-headed ogre
  8403 | D:9      | Slain by a two-headed ogre

Illustrated notes

Levels and vault maps discovered:
D:1:      co_arrival_random_square_maze, layout_basic,
          chequers_ecumenical_altar_twisty
D:2:      layout_basic, uniq_sigmund
D:3:      layout_loops_ring, good_gods_temple_1, serial_shops,
          nicolae_shop_behind_doors, minmay_misc_feat_more_columns,
          minmay_stone_trees_medium, reono_crystal_passage,
          minmay_misc_feat_cross, uniq_crazy_yiuf_cottage
D:4:      layout_cave_pools, general_overflow_altar,
          mainiacjoe_overflow_divided_tiny, minmay_temple_entry_glass,
          serial_column_ruins, column_ruins_circle_medium, column_ruins_hut,
          column_ruins_grid_1, column_ruins_corridor_corner,
          column_ruins_open_small, column_ruins_open_tiny, column_ruins_grid_1,
          column_ruins_grid_1, eino_tiny_chamber, uniq_natasha
D:5:      layout_basic, kennysheep_little_box, saegor_snake_ambush
D:6:      layout_rooms
D:7:      layout_rooms, mainiacjoe_overflow_brackets
D:8:      nicolae_cairo_tiling, layout_cave_pools, serial_gnoll_camp,
          gnoll_camp_mini_sergeant, gnoll_camp_mini_doghouse,
          gnoll_camp_mini_hut, gnoll_camp_mini_hut, kennysheep_nondescript
D:9:      layout_basic, marbit_many_paths, gammafunk_temple_overflow_claw,
          mainiacjoe_overflow_surrounded_room, david_lair_shrubbed,
          enter_bailey_1, gammafunk_ghost_hydra_chop, st_stairs_3,
          nicolae_fort_ynox

Skill      XL: |  1  2  3  4  5  6  7  8  9 |
---------------+----------------------------+-----
Fighting       | 4 5 6 7 8 |  8.3
Long Blades    | 3 4 5 6 7 9 10 | 10.7
Armour         | 4 5 6 7 8 |  8.2
Shields        | 4 5 6 7 8 |  8.3

Action                     |  1- 3 |  4- 6 |  7- 9 || total
---------------------------+-------+-------+-------++-------
  Melee: Long sword        |    83 |   134 |   429 ||   646
         Headbutt          |    12 |    26 |    77 ||   115
 Invoke: Heroism           |     1 |     1 |     3 ||     5
         Finesse           |       |       |     1 ||     1
    Use: Potion            |     6 |       |     7 ||    13
         Scroll            |     1 |     3 |     2 ||     6
 Armour: Scale mail        |    50 |    86 |       ||   136
         Skin              |     8 |     5 |       ||    13
         Chain mail        |       |       |   128 ||   128
         Plate armour      |       |       |   255 ||   255
  Dodge: Dodged            |    26 |    46 |   133 ||   205
  Block: Buckler           |    16 |    35 |   122 ||   173

Table legend: (Time is in decaauts)
 A = Elapsed time spent in this place.
 B = Non-inter-level travel time spent in this place.
 C = Inter-level travel time spent in this place.
 D = Time resting spent in this place.
 E = Time spent auto-exploring this place.
 F = Levels seen in this place.
 G = Mean time per level.
                   A        B        C        D        E       F      G
               +--------+--------+--------+--------+--------+-----+--------+
         Total |   8469 |   8188 |    281 |   1471 |   5375 |   9 |  941.0 |
       Dungeon |   8469 |   8188 |    281 |   1471 |   5375 |   9 |  941.0 |
               +--------+--------+--------+--------+--------+-----+--------+

Top non-repeatable levels by time:
     D:8: 1489 daAuts
     D:5: 1271 daAuts
     D:3: 1215 daAuts
     D:2: 1040 daAuts
     D:7: 972 daAuts
     D:1: 835 daAuts
     D:4: 709 daAuts
     D:6: 698 daAuts
     D:9: 236 daAuts
